 Dungeon Crawl Stone Soup version 0.17-a0-18-gc25b939 (webtiles) character file.

247 Pikaro the Chopper (level 6, -1/47 HPs)
             Began as a Formicid Abyssal Knight on Mar 8, 2015.
             Was a Priest of Lugonu.
             Slain by a gnoll
             ... wielding a +0 spear
             ... summoned by a boggart
              (6 damage)
             ... on level 5 of the Dungeon.
             The game lasted 00:11:20 (4958 turns).

Pikaro the Chopper (Formicid Abyssal Knight)        Turns: 4958, Time: 00:11:20

Health: -1/47      AC:  7    Str: 18    XL:     6   Next: 34%
Magic:  10/10      EV: 10    Int: 12    God:    Lugonu [***...]
Gold:   17         SH:  0    Dex: 10    Spells: 0 memorised, 5 levels left

rFire  . . .     SeeInvis +     a - +2 hand axe
rCold  . . .     Clarity  .     r - +0 ring mail
rNeg   . . .     SustAb   .     (no shield)
rPois  .         Gourm    .     (helmet unavailable)
rElec  .         Spirit   .     (no cloak)
rCorr  .         Warding  .     g - +1 pair of gloves
rMut   .         Stasis   +     (no boots)
MR     .....                    l - amulet of rage {+Rage, !d}
Stlth  ..........               (no ring)
                                (no ring)

@: not resistant to hostile enchantments, extremely unstealthy
A: permanent stasis, dig shafts and tunnels, four strong arms, antennae 3
a: Dig, Shaft Self, Depart the Abyss, Bend Space, Banish, Renounce Religion


You were on level 5 of the Dungeon.
You worshipped Lugonu.
Lugonu was most pleased with you.
You were not hungry.

You visited 1 branch of the dungeon, and saw 5 of its levels.
You visited the Abyss 1 time.

You collected 231 gold pieces.
You spent 214 gold pieces at shops.

Inventory:

Hand weapons
 a - a +2 hand axe (weapon)
Missiles
 i - 19 poisoned needles
Armour
 g - a +1 pair of gloves (worn)
   (You found it on level 1 of the Dungeon)
 r - a +0 ring mail (worn)
   (You found it on level 4 of the Dungeon)
Jewellery
 l - an amulet of rage (around neck) {+Rage, !d}
   (You found it on level 3 of the Dungeon)
Magical devices
 k - a wand of polymorph (5)
   (You found it on level 4 of the Dungeon)
 o - a wand of confusion (23)
   (You found it on level 4 of the Dungeon)
Scrolls
 f - 2 scrolls of recharging
 q - 2 scrolls of remove curse
 s - a scroll of fog
 t - a scroll of noise {!r}
Potions
 e - a potion of haste
 m - a potion of magic
 n - a potion of brilliance
Comestibles
 c - 2 bread rations
 h - a meat ration
 j - a beef jerky
 p - 6 chunks of flesh


   Skills:
 - Level 3.2 Fighting
 + Level 6.2 Axes
 - Level 2.1 Armour
 - Level 0.8 Dodging
 - Level 2.1 Invocations


You had 5 spell levels left.
You didn't know any spells.

Dungeon Overview and Level Annotations

Branches:
Dungeon (5/15)             Temple (0/1) D:4

Altars:
Ashenzari
Fedhas
Makhleb
Okawaru

Shops:
D:4 ?

Annotations:
D:4 Edmund


Innate Abilities, Weirdness & Mutations

You are under a permanent stasis effect.
You can dig through walls and to a lower floor.
Your four strong arms can wield two-handed weapons with a shield.
You have a pair of large antennae on your head (SInv).


Message History

* * * LOW HITPOINT WARNING * * *
You take 1 damage, and have 14/47 hp.
Spoiler Alert: The ogre can hit for high damage in melee!
You miss the bat. The bat closely misses you.
You hit the bat.
You kill the bat!
Aim: an ogre, wielding a giant club (chance 46%)
The ogre appears confused.
Evoking this partially-identified wand wasted a few charges.
Spoiler Alert: The ogre (confused) can hit for high damage in melee!
Aim: an ogre, wielding a giant club (bewildered and confused, chance 46%)
The ogre resists with some effort.
Evoking this partially-identified wand wasted a few charges.
Spoiler Alert: The ogre (confused) can hit for high damage in melee!
Aim: an ogre, wielding a giant club (bewildered and confused, chance 46%)
The ogre evaporates and reforms as a boggart!
Evoking this partially-identified wand wasted a few charges.
The boggart mumbles some strange words.
Danger x4: gnoll x3, boggart!
The boggart gestures wildly while chanting.
The boggart blinks!
You see here a bat corpse.
You barely miss the boggart. You closely miss the gnoll.
The boggart hits you but does no damage.
The gnoll hits you but does no damage.
Danger x4: gnoll x3, boggart!
You closely miss the boggart. You hit the gnoll.
The boggart mumbles some strange words.
The boggart blinks!
You closely miss the boggart. You barely miss the gnoll.
The boggart gestures wildly while chanting.
The gnoll barely misses you.
The boggart gestures wildly while chanting.
The boggart blinks!
Warning x3: The gnoll can hit for moderate damage in melee, and throws nets! x3
The ogre shouts!
Danger x5: gnoll x3, boggart, ogre!
You hit the ogre. You closely miss the gnoll. The gnoll barely misses you.
The ogre barely misses you.
You hit the ogre. You hit the gnoll but do no damage.
The gnoll hits you with an enchanted whip.
* * * LOW HITPOINT WARNING * * *
You take 3 damage, and have 13/47 hp.
Danger x5: gnoll x3, boggart, ogre!
You closely miss the ogre. You hit the gnoll. The gnoll closely misses you.
The ogre hits you with a giant spiked club!
* * * LOW HITPOINT WARNING * * *
You take 9 damage, and have 4/47 hp.
You slash the ogre! You barely miss the gnoll.
The gnoll hits you with an enchanted whip.
* * * LOW HITPOINT WARNING * * *
The ogre closely misses you.
You take 1 damage, and have 3/47 hp.
Danger x5: gnoll x3, boggart, ogre!
Drink which item? (? for menu, Esc to quit)
You feel better. The gnoll hits you but does no damage.
You regained 5 hp, and now have 8/47 hp.
Drink which item? (? for menu, Esc to quit)
You feel better. The ogre barely misses you. The gnoll barely misses you.
You regained 7 hp, and now have 15/47 hp.
Danger x5: gnoll x3, boggart, ogre!
Drink which item? (? for menu, Esc to quit)
You feel better. The gnoll hits you but does no damage.
The ogre hits you with a giant spiked club!
* * * LOW HITPOINT WARNING * * *
You take 2 damage, and have 13/47 hp.
You barely miss the ogre. You slash the gnoll!
You kill the gnoll!
The gnoll's corpse dissolves into shadows!
The boggart mumbles some strange words.
The boggart blinks!
The ogre barely misses you.
Danger x4: gnoll x2, boggart, ogre!
You hit the boggart. You hit the gnoll. You hit the ogre.
The boggart closely misses you. The gnoll hits you but does no damage.
The gnoll hits you but does no damage. The boggart hits you.
* * * LOW HITPOINT WARNING * * *
You take 2 damage, and have 12/47 hp.
You hit the boggart. You hit the gnoll. You hit the ogre.
The gnoll hits you but does no damage. The ogre hits you but does no damage.
The boggart closely misses you.
Danger x4: gnoll x2, boggart, ogre!
You slash the boggart! You hit the ogre.
You kill the ogre!
The ogre's corpse dissolves into shadows!
You closely miss the gnoll.
The gnoll hits you from afar with a spear.
* * * LOW HITPOINT WARNING * * *
The gnoll hits you but does no damage.
The boggart hits you but does no damage.
You take 6 damage, and have 6/47 hp.
Warning x3: The gnoll can hit for moderate damage in melee, and throws nets! x2
The boggart can cast Shadow Creatures!
You closely miss the boggart. You hit the gnoll. The gnoll misses you.
The gnoll hits you but does no damage. The boggart hits you.
* * * LOW HITPOINT WARNING * * *
You take 1 damage, and have 5/47 hp.
You barely miss the boggart. You closely miss the gnoll.
The boggart hits you but does no damage.
The gnoll hits you but does no damage.
The gnoll hits you from afar with a spear.
You die...

#.# #.# #.# #.# # #.#
#.#
#.##.##############.#
#.........(..........
####.################
#g# #g# #@#
#g........ #########


You could see a boggart and 2 gnolls.

Vanquished Creatures
  An ogre (D:5)
  A hound (D:4)
  Natasha (thrice) (D:3)
  6 adders
  4 gnolls
  A worm (D:2)
  An adder skeleton (D:4)
  7 giant geckos
  An ooze (D:2)
  2 orcs (D:3)
  7 bats
  3 giant cockroaches
  9 hobgoblins
  9 jackals
  A ball python (D:3)
  4 giant newts
  11 goblins
  8 kobolds
  11 rats
  2 fungi (D:2)
92 creatures vanquished.

Notes
Turn   | Place    | Note
--------------------------------------------------------------
     0 | Abyss:1  | Pikaro, the Formicid Abyssal Knight, began the quest for the Orb.
     0 | Abyss:1  | Reached XP level 1. HP: 18/18 MP: 1/1
    67 | Abyss:2  | Noticed a hell hog
    76 | Abyss:2  | Noticed a lich
    77 | D:1      | Escaped the Abyss
   119 | D:1      | HP: 3/18 [hobgoblin/club (7)]
   434 | D:1      | Reached XP level 2. HP: 13/24 MP: 3/3
   720 | D:1      | Acquired Lugonu's first power
   720 | D:1      | Reached skill level 3 in Axes
  1086 | D:1      | Reached XP level 3. HP: 24/29 MP: 5/5
  1293 | D:1      | Found an iron altar of Okawaru.
  1728 | D:1      | Acquired Lugonu's second power
  2075 | D:2      | HP: 5/29 [adder (5)]
  2077 | D:2      | Reached skill level 4 in Axes
  2077 | D:2      | Reached XP level 4. HP: 4/35 MP: 6/6
  2081 | D:2      | HP: 2/35 [poisoned by an adder]
  2468 | D:2      | Found a burning altar of Makhleb.
  2940 | D:2      | Found a blossoming altar of Fedhas.
  2949 | D:2      | Reached XP level 5. HP: 38/41 MP: 8/8
  3120 | D:2      | Noticed a balrug
  3125 | D:2      | Noticed a hellwing
  3125 | D:2      | Noticed a neqoxec
  3416 | D:3      | Noticed Natasha
  3424 | D:3      | Killed Natasha
  3424 | D:3      | Reached skill level 5 in Axes
  3609 | D:3      | Noticed Natasha
  3615 | D:3      | Killed Natasha
  3700 | D:3      | Acquired Lugonu's third power
  3732 | D:3      | Noticed Natasha
  3736 | D:3      | Killed Natasha
  4211 | D:4      | Found Gilacizu's Magic Scroll Shoppe.
  4225 | D:4      | Bought a scroll of identify for 26 gold pieces
  4225 | D:4      | Bought a scroll of enchant armour for 97 gold pieces
  4225 | D:4      | Bought a scroll of identify for 26 gold pieces
  4225 | D:4      | Bought a scroll of identify for 26 gold pieces
  4225 | D:4      | Bought a scroll of fog for 26 gold pieces
  4225 | D:4      | Bought a scroll of noise for 13 gold pieces
  4571 | D:4      | Reached XP level 6. HP: 40/47 MP: 10/10
  4749 | D:4      | Found a staircase to the Ecumenical Temple.
  4761 | D:4      | Reached skill level 6 in Axes
  4838 | D:4      | Found a shattered altar of Ashenzari.
  4838 | D:4      | Noticed Edmund
  4870 | D:5      | Entered Level 5 of the Dungeon
  4889 | D:5      | HP: 9/47 [ogre/giant club (17)]
  4948 | D:5      | HP: 4/47 [ogre/giant spiked club[a boggart] (9)]
  4956 | D:5      | HP: 6/47 [gnoll/spear[a boggart] (6)]
  4958 | D:5      | Slain by a gnoll

Action                   |  1- 3 |  4- 6 || total
-------------------------+-------+-------++-------
Melee: Hand axe          |   136 |   219 ||   355
Invok: Depart the Abyss  |     1 |       ||     1
Evoke: Wand              |       |     3 ||     3
  Use: Scroll            |     5 |     7 ||    12
       Potion            |       |     3 ||     3
  Eat: Chunk             |     3 |     6 ||     9
       Bread ration      |       |     1 ||     1

Vault maps used:
D:1:      dpeg_arrival_lava_temple_mockup, okawaru_ov_weapons_minmay
D:2:      makhleb_altar_promises_db, lemuel_round_altar, first_bread,
          fountainhead, minmay_gold_behind_fungi, hex_tiny,
          minmay_misc_feat_square
D:3:      uniq_natasha
D:4:      cheibrodos_ashenzari_chains, minmay_temple_entry_hall, serial_shops,
          shop, saegor_snake_ambush, uniq_edmund
D:5:      old_forge, lemuel_doored_altar, lemuel_crystal_altar,
          corexii_corridor_pit, elyvilon_altar_4, uniq_sigmund
Abyss:2:  hangedman_abyss_mock_shop

Table legend:
 A = Turns spent in this place as a percentage of turns spent in the entire game.
 B = Non-inter-level travel turns spent in this place as a percentage of non-inter-level travel turns spent in the entire game.
 C = Inter-level travel turns spent in this place as a percentage of turns spent in this place.
 D = Turns resting spent in this place as a percentage of non-inter-level travel turns spent in this place.
 E = Turns spent auto-exploring this place as a percentage of non-inter-level travel turns spent in this place.
 F = Non-inter-level travel turns spent in this place divided by the number of levels of this place that you've seen.
                   A       B       C       D       E      F
               +-------+-------+-------+-------+-------+----------------------
         Total | 100.0 | 100.0 |   0.3 |   8.1 |   8.5 | 164.3
       Dungeon |  93.3 |  93.3 |   0.3 |   8.7 |   9.1 | 214.6
         Abyss |   6.7 |   6.7 |   0.0 |   0.0 |   0.0 |  38.5
               +-------+-------+-------+-------+-------+----------------------

Table legend:
 A = Kills in this place as a percentage of kills in entire the game.
 B = Kills by you in this place as a percentage of kills by you in the entire game.
 C = Kills by friends in this place as a percentage of kills by friends in the entire game.
 D = Other kills in this place as a percentage of other kills in the entire game.
 E = Experience gained in this place as a percentage of experience gained in the entire game.
 F = Experience gained in this place divided by the number of levels of this place that you have seen.
                   A       B       C       D       E      F
               +-------+-------+-------+-------+-------+----------------------
         Total | 100.0 | 100.0 |  -nan |  -nan | 100.0 |  50.6
       Dungeon | 100.0 | 100.0 |  -nan |  -nan | 100.0 |  70.8
               +-------+-------+-------+-------+-------+----------------------
